Map: Flooded City

Players

AllE

  • Race: Zerg Zerg
  • League: Platinum
  • Spawn Location: 6:00

Maniak

  • Race: Protoss Protoss
  • League: Platinum
  • Spawn Location: 6:00

ILIEKEGGPIE - Winner!

  • Race: Protoss Protoss
  • League: Gold
  • Spawn Location: 12:00

BizMac - Winner!

  • Race: Zerg Zerg
  • Spawn Location: 12:00

VOD

Have the link to the VOD?

Description

Time

  • Played on: April 5, 2018, 11:19 a.m.
  • Length: 15:48
Show
View Real Time Build Order
Export as new Build Order

AllE Zerg 

Build Orders: Hatch First 

Get SALT Encoding   

  12  0:01  Drone  
  13  0:09  Drone  
  14  0:18  Overlord  
  14  0:23  Extractor  
  14  0:24  Drone  
  14  0:30  Drone, Extractor  
  15  0:37  Drone  
  16  0:49  Drone  
  17  1:06  Hatchery, Drone  
  17  1:07  Drone  
  18  1:22  Spawning Pool  
  18  1:24  Drone  
  18  1:29  Drone  
  19  1:42  Drone  
  20  2:06  Overlord  
  20  2:18  Spine Crawler  
  20  2:20  Zergling x6  
  20  2:22  Queen  
  24  2:30  Zergling x4  
  27  2:45  Spine Crawler  
  26  2:56  Metabolic Boost  
  26  2:58  Zergling x8  
  28  2:59  Zergling x2  
  28  3:02  Queen  
  31  3:29  Zergling x2  
  31  3:30  Zergling x8  
  28  3:55  Drone x3  
  31  3:57  Drone x3  
  34  4:05  Lair  
  34  4:09  Extractor  
  28  4:23  Overlord  
  28  4:33  Queen  
  28  4:40  Zergling x2  
  28  4:41  Zergling x20  
  30  5:27  Zergling x2  
  30  5:28  Zergling x12  
  35  5:33  Spire  
  34  5:44  Overseer  
  34  5:50  Drone x2  
  36  6:10  Overlord  
  36  6:16  Baneling Nest  
  36  6:17  Overlord, Hatchery  
  34  6:28  Drone x3  
  34  6:30  Drone  
  34  6:31  Drone x4  
  34  6:32  Drone  
  43  6:42  Extractor  
  43  6:45  Extractor  
  41  7:00  Baneling  
  41  7:01  Baneling x4  
  41  7:04  Drone x4  
  41  7:08  Drone x3  
  48  7:16  Spore Crawler  
  47  7:29  Drone  
  48  7:39  Zerg Flyer Weapons Level 1  
  48  7:44  Mutalisk  
  48  7:45  Mutalisk x4  
  48  7:47  Overlord x4  
  48  7:48  Overlord  
  57  8:18  Mutalisk x6  
  65  8:43  Mutalisk x3  
  58  9:40  Mutalisk  
  58  9:41  Mutalisk x5  
  70  9:58  Hatchery  
  69  10:10  Zerg Flyer Weapons Level 2  
  69  10:14  Mutalisk x2  
  69  10:15  Extractor x2  
  69  10:19  Hatchery  
  60  10:52  Zergling x16  
  60  10:53  Zergling x8  
  72  10:57  Evolution Chamber  
  72  11:01  Evolution Chamber  
  56  11:31  Mutalisk x8  
  72  11:51  Zerg Melee Weapons Level 1  
  72  11:52  Zerg Ground Armor Level 1  
  72  12:00  Infestation Pit  
  71  12:09  Drone x3  
  71  12:12  Drone x3  
  71  12:13  Hatchery  
  71  12:14  Drone x2  
  71  12:15  Drone  
  79  12:19  Zergling x2  
  79  12:20  Zergling x12  
  79  12:21  Zergling x4  
  70  13:19  Mutalisk x7  
  74  13:20  Mutalisk x2  
  74  13:22  Drone  
  74  13:23  Drone x2  
  74  13:24  Queen  
  93  13:31  Drone  
  93  13:32  Queen  
  61  14:21  Zergling x32  
  61  14:22  Zergling x8  
  44  14:54  Mutalisk  
  44  14:55  Mutalisk x5  
  44  14:57  Mutalisk  
  46  15:10  Extractor  
Show
View Real Time Build Order
Export as new Build Order

Maniak Protoss 

Build Orders:  

Get SALT Encoding   

  12  0:00  Probe  
  13  0:13  Probe  
  14  0:18  Pylon  
  14  0:25  Probe  
  15  0:37  Gateway  
  15  0:38  Probe (Chrono Boost)  
  16  0:48  Probe (Chrono Boost)  
  17  0:53  Probe (Chrono Boost)  
  18  1:02  Forge  
  18  1:08  Probe (Chrono Boost)  
  19  1:16  Pylon  
  19  1:20  Probe (Chrono Boost)  
  19  1:25  Cybernetics Core  
  20  1:31  Assimilator  
  20  1:41  Photon Cannon  
  20  1:47  Gateway  
  20  1:52  Pylon  
  20  2:03  Gateway  
  20  2:11  Photon Cannon  
  20  2:14  Warp Gate (Chrono Boost)  
  20  2:23  Assimilator  
  20  2:28  Zealot  
  22  2:51  Zealot x2  
  26  2:56  Pylon  
  26  2:57  Probe  
  27  3:09  Probe  
  28  3:21  Probe  
  29  3:28  Zealot x3  
  35  3:36  Robotics Facility  
  35  3:39  Pylon  
  29  4:10  Gateway  
  29  4:11  Stalker x2  
  29  4:12  Twilight Council  
  29  4:13  Zealot  
  35  4:27  Pylon  
  35  4:40  Zealot x2  
  35  4:41  Zealot  
  25  5:06  Immortal (Chrono Boost)  
  29  5:09  Zealot x3  
  33  5:29  Zealot  
  35  5:42  Immortal (Chrono Boost)  
  39  5:54  Charge (Chrono Boost)  
  39  6:09  Zealot x2  
  39  6:10  Zealot x2  
  47  6:29  Immortal  
  51  6:44  Protoss Ground Weapons Level 1  
  51  6:51  Pylon  
  51  7:13  Nexus  
  51  7:15  Pylon  
  51  7:24  Blink  
  51  7:26  Stalker  
  51  7:28  Observer  
  54  7:38  Stalker  
  56  7:44  Stalker  
  58  8:04  Immortal (Chrono Boost)  
  62  8:17  Zealot  
  64  8:28  Zealot  
  64  8:32  Zealot  
  68  9:25  Protoss Ground Weapons Level 2  
  68  9:32  Probe  
  69  9:44  Probe  
  70  9:56  Probe  
  70  9:58  Zealot x4  
  79  10:05  Immortal  
  83  10:08  Probe  
  84  10:16  Probe  
  84  10:19  Assimilator  
  84  10:20  Probe  
  86  10:23  Assimilator  
  70  10:42  Zealot x4  
  76  10:52  Immortal  
  80  11:08  Robotics Facility  
  80  11:13  Zealot x4  
  62  11:45  Warp Prism  
  64  12:00  Templar Archives  
  64  12:02  Forge  
  64  12:04  Pylon  
  64  12:05  Protoss Ground Armor Level 1 (Chrono Boost)  
  64  12:06  Pylon  
  64  12:17  Nexus  
  64  12:23  Immortal  
  68  12:34  Pylon  
  69  12:37  Probe  
  69  12:44  High Templar  
  69  12:45  High Templar x3  
  69  12:49  Archon x2, Probe  
  78  12:59  Assimilator  
  78  13:03  Assimilator  
  78  13:04  Stargate  
  78  13:08  Stargate  
  78  13:22  Zealot  
  78  13:23  Zealot x3  
  86  13:33  Probe x3  
  89  13:45  Zealot, Probe x3  
  68  14:23  Zealot  
  68  14:24  Zealot x3  
  45  14:41  Immortal x2  
  45  14:43  Void Ray x2 (Chrono Boost)  
  56  15:06  High Templar  
  56  15:07  High Templar x3  
  57  15:11  Archon x2  
Show
View Real Time Build Order
Export as new Build Order

ILIEKEGGPIE Protoss - Winner!

Build Orders:  

Get SALT Encoding   

  12  0:01  Probe  
  13  0:13  Probe  
  14  0:18  Pylon  
  14  0:30  Probe  
  15  0:40  Gateway  
  15  0:44  Probe (Chrono Boost)  
  16  0:55  Assimilator  
  16  0:56  Probe (Chrono Boost)  
  17  1:02  Probe (Chrono Boost)  
  18  1:11  Probe  
  19  1:17  Assimilator  
  19  1:23  Probe  
  20  1:29  Cybernetics Core  
  20  1:33  Gateway  
  20  1:35  Probe  
  21  1:47  Probe  
  21  1:50  Pylon  
  22  1:59  Probe  
  23  2:04  Warp Gate (Chrono Boost)  
  25  2:08  Adept  
  25  2:19  Gateway  
  25  2:20  Adept  
  27  2:33  Gateway  
  27  2:43  Adept (Chrono Boost)  
  31  2:58  Stalker (Chrono Boost)  
  31  3:03  Pylon  
  31  3:19  Stalker (Chrono Boost)  
  33  3:32  Stalker x2  
  37  3:58  Probe (Chrono Boost)  
  38  4:07  Probe (Chrono Boost)  
  39  4:28  Pylon  
  39  4:35  Pylon  
  39  4:46  Probe  
  40  4:58  Probe  
  39  5:19  Stalker  
  39  5:20  Stalker x3  
  41  5:27  Probe  
  42  5:47  Nexus  
  42  5:48  Pylon, Probe (Chrono Boost)  
  43  5:50  Stalker  
  43  5:51  Stalker x2  
  43  5:52  Stalker  
  51  6:00  Probe (Chrono Boost)  
  51  6:01  Pylon, Forge  
  52  6:07  Assimilator  
  52  6:08  Assimilator, Probe (Chrono Boost)  
  52  6:09  Pylon  
  53  6:24  Probe  
  54  6:26  Protoss Ground Weapons Level 1 (Chrono Boost)  
  54  6:40  Robotics Facility, Nexus  
  54  6:47  Pylon  
  54  6:50  Zealot  
  56  7:08  Stalker x3  
  58  7:12  Probe  
  63  7:28  Observer (Chrono Boost)  
  64  7:36  Sentry x2  
  68  7:43  Immortal (Chrono Boost)  
  68  7:44  Probe x2  
  74  7:55  Robotics Facility  
  74  7:56  Probe  
  74  7:58  Protoss Ground Armor Level 1 (Chrono Boost)  
  75  8:00  Probe  
  76  8:08  Probe  
  76  8:09  Twilight Council  
  76  8:12  Probe  
  78  8:16  Sentry x3  
  82  8:40  Robotics Bay  
  82  8:42  Pylon  
  82  8:52  Probe x2  
  84  9:04  Probe  
  85  9:13  Stalker  
  85  9:14  Stalker x3  
  93  9:24  Probe (Chrono Boost)  
  93  9:30  Probe (Chrono Boost)  
  95  9:34  Probe (Chrono Boost)  
  95  9:44  Colossus x2 (Chrono Boost), Probe  
  95  9:45  Probe  
  107  10:05  Nexus  
  107  10:08  Pylon  
  107  10:11  Pylon  
  107  10:13  Pylon  
  107  10:17  Pylon  
  107  10:25  Extended Thermal Lance (Chrono Boost)  
  107  10:26  Probe  
  108  10:29  Assimilator  
  108  10:33  Assimilator  
  108  10:49  Stalker x2  
  112  10:50  Sentry x2  
  112  10:53  Probe x2  
  118  11:01  Protoss Ground Weapons Level 2 (Chrono Boost)  
  114  11:30  Colossus x2  
  122  11:33  Blink (Chrono Boost), Probe x2  
  122  11:34  Probe  
  125  11:45  Probe x2  
  125  11:46  Probe  
  128  11:55  Stalker x4  
  128  11:58  Probe x2  
  138  12:03  Pylon  
  138  12:05  Pylon  
  138  12:06  Pylon  
  138  12:24  Immortal  
  142  12:36  Pylon  
  142  12:47  Pylon  
  130  13:13  Stalker x2  
  130  13:14  Stalker x2  
  138  13:23  Pylon  
  138  13:26  Probe (Chrono Boost)  
  141  13:31  Pylon, Probe (Chrono Boost)  
  141  13:32  Probe (Chrono Boost)  
  123  14:23  Colossus (Chrono Boost)  
  117  14:30  Colossus (Chrono Boost)  
  127  14:42  Stalker x2  
  127  14:43  Stalker x2  
  135  14:53  Probe x2  
  149  15:29  Stalker x3  
  155  15:36  Pylon  
  155  15:39  Pylon  
  155  15:41  Pylon  
Show
View Real Time Build Order
Export as new Build Order

BizMac Zerg - Winner!

Build Orders: Pool First 

Get SALT Encoding   

  12  0:01  Drone  
  13  0:08  Drone  
  14  0:17  Overlord  
  14  0:36  Drone x3  
  17  0:50  Extractor  
  17  0:53  Spawning Pool, Drone  
  16  1:01  Drone  
  17  1:20  Drone  
  18  1:40  Zergling x4  
  18  1:41  Queen  
  22  1:47  Hatchery  
  22  1:52  Metabolic Boost  
  21  2:02  Zergling x2  
  21  2:04  Overlord  
  22  2:25  Drone x3  
  22  2:51  Zergling x2  
  22  2:52  Zergling x6  
  26  3:01  Queen  
  26  3:03  Drone  
  27  3:23  Zergling x10  
  27  3:24  Zergling x6  
  29  3:53  Zergling x10  
  32  4:12  Zergling x2  
  32  4:13  Zergling x6  
  32  4:15  Overlord x2  
  32  4:45  Zergling x16  
  33  4:51  Queen  
  26  5:30  Drone x9  
  35  5:43  Lair, Extractor  
  35  5:47  Zergling x4  
  36  5:50  Spine Crawler  
  35  6:02  Roach Warren  
  35  6:03  Drone  
  35  6:13  Drone  
  35  6:14  Drone  
  35  6:15  Drone x5  
  42  6:39  Zergling x12  
  48  6:42  Extractor  
  48  6:43  Drone x3  
  48  6:45  Extractor  
  49  6:47  Spine Crawler  
  49  6:48  Spore Crawler  
  47  7:03  Drone x2  
  49  7:17  Hatchery  
  49  7:21  Drone  
  49  7:22  Drone x3  
  52  7:30  Overlord  
  52  7:31  Overlord x2  
  52  7:42  Glial Reconstitution  
  52  7:44  Hatchery  
  51  7:48  Hydralisk Den  
  50  7:51  Spore Crawler  
  50  7:52  Drone x2  
  50  7:54  Roach x5  
  50  7:55  Roach x2  
  65  8:06  Queen  
  67  8:30  Hydralisk x7  
  81  8:50  Overlord  
  81  8:51  Overlord x4  
  81  9:02  Roach x3  
  71  9:41  Hydralisk  
  71  9:42  Hydralisk x7  
  87  10:00  Overlord  
  87  10:02  Drone x6  
  73  10:44  Hydralisk x5  
  73  10:45  Roach x2  
  73  10:46  Roach x3  
  93  10:58  Drone x6  
  99  11:07  Hydralisk x2  
  67  11:30  Hydralisk x3  
  67  11:31  Hydralisk x3  
  79  11:41  Queen  
  79  11:45  Queen  
  79  11:46  Queen  
  85  11:49  Overseer  
  85  11:52  Queen  
  87  12:04  Evolution Chamber  
  86  12:10  Hydralisk x4  
  86  12:11  Hydralisk  
  86  12:12  Evolution Chamber  
  95  12:19  Drone  
  95  12:20  Drone  
  97  12:29  Drone  
  98  12:30  Drone x8  
  98  12:32  Extractor  
  98  12:33  Extractor  
  104  12:38  Zerg Ground Armor Level 1, Zerg Missile Weapons Level 1  
  97  12:58  Spore Crawler  
  97  13:00  Spore Crawler  
  94  13:20  Spore Crawler  
  94  13:21  Spore Crawler  
  94  13:23  Hydralisk x9  
  94  13:24  Hydralisk x5  
  120  13:32  Drone x2  
  120  13:34  Drone x5  
  127  13:43  Grooved Spines  
  127  13:56  Roach  
  127  13:57  Roach x3  
  93  14:23  Hydralisk  
  93  14:24  Hydralisk x10  
  109  14:38  Hydralisk  
  109  14:39  Hydralisk x5  
  119  15:04  Hydralisk x4  
  119  15:07  Overlord x4  
Tags
 
Add a new tag
Caveats
  • Supply blocks, unpowered buildings, or Contaminate may cause inaccurate times.
  • Supply counts are checked every 10 seconds.